 Dungeon Crawl Stone Soup version 0.25-a0-528-g6b7c99946c (webtiles) character file.

Game seed: 11934226597773468200, levelgen mode: classic

107 EnegeticOcto the Covered (level 4, -3/42 HPs)
             Began as a Deep Dwarf Fighter on Feb 19, 2020.
             Slain by Crazy Yiuf
             ... wielding a +4 quarterstaff of chaos
              (7 damage)
             ... on level 2 of the Dungeon.
             The game lasted 00:00:37 (1201 turns).

EnegeticOcto the Covered (Deep Dwarf Fighter)       Turns: 1201, Time: 00:00:38

Health: -3/42      AC:  7    Str: 21    XL:     4   Next: 57%
Magic:  0/3        EV:  7    Int:  8    God:
Gold:   64         SH:  8    Dex: 12    Spells: 3/3 levels left

rFire    . . .     SeeInvis .   a - +0 war axe
rCold    . . .     Gourm    .   c - +0 kite shield
rNeg     . . .     Faith    .   b - +0 scale mail
rPois    .         Spirit   .   h - +0 helmet
rElec    .         Reflect  .   (no cloak)
rCorr    .         Harm     .   (no gloves)
MR       .....                  (no boots)
Stlth    ..........             (no amulet)
HPRegen  0.00/turn              (no ring)
MPRegen  0.08/turn              (no ring)

@: non-regenerating, heavily drained
A: damage resistance, heal wounds, sense surroundings 1, no regeneration
a: Heal Wounds


You were on level 2 of the Dungeon.
You were not hungry.

You visited 1 branch of the dungeon, and saw 2 of its levels.

You collected 64 gold pieces.

Inventory:

Hand Weapons
 a - a +0 war axe (weapon)
Missiles
 d - a throwing net (quivered)
Armour
 b - a +0 scale mail (worn)
 c - a +0 kite shield (worn)
 h - a +0 helmet (worn)
Scrolls
 i - 2 scrolls of identify {unknown}
 j - a scroll of enchant armour {unknown}
 l - a scroll of noise {unknown}
Potions
 f - a potion of mutation {unknown}
 g - a potion of curing {unknown}
 k - a potion of might {@q3}
 m - a potion of degeneration {unknown}
Comestibles
 e - 4 rations


   Skills:
 * Level 3.4(1.4) Fighting
 * Level 3.3(1.3) Axes
 + Level 3.8(1.7) Armour
 + Level 1.4(0.0) Dodging
 + Level 3.8(1.7) Shields


You had 3 spell levels left.
You didn't know any spells.
Your spell library was empty.

Dungeon Overview and Level Annotations

Branches:
Dungeon (2/15)

Altars:
Nemelex Xobeh
Zin

Annotations:
D:2 Crazy Yiuf


Innate Abilities, Weirdness & Mutations

You are resistant to damage.
You can heal yourself by infusing magical energy.
You passively map a small area around you.
You do not regenerate.


Message History

Partly explored, can't reach some places.
Partly explored, can't reach some places.
Partly explored, can't reach some places.
No target in view!
No target in view!
No target in view!
No target in view!
No target in view!
No target in view!
Partly explored, can't reach some places.
No target in view!
No target in view!
No target in view!
No target in view!
No target in view!
You slash the fungus!
The fungus is moderately damaged.
You slash the fungus! You hit the fungus. You slash the fungus!
The fungus is heavily damaged.
You hit the fungus. x2
You hit the fungus.
The fungus is moderately damaged.
You slash the fungus! You hit the fungus. You slash the fungus!
The fungus is severely damaged.
You hit the fungus. x2
You completely miss the fungus.
The fungus is severely damaged.
You slash the fungus! x2
You hit the fungus.
The fungus is severely damaged.
You hit the fungus. You slash the fungus!
You are feeling very hungry.
You slash the fungus!
The fungus is almost destroyed.
You hit the fungus. x2
You hit the fungus but do no damage.
The fungus is almost destroyed.
You hit the fungus. x2
You hit the fungus but do no damage.
The fungus is almost destroyed.
You hit the fungus. You slash the fungus!
You destroy the fungus!
You hit the fungus.
The fungus is almost destroyed.
You hit the fungus. You slash the fungus!
You destroy the fungus!
You hit the fungus.
You destroy the fungus!
Found a mace.
Found a runed translucent door.
Crazy Yiuf shouts!
You feel much better.
You eat one of the 5 rations.
That ration really hit the spot!
No reachable target in view!
No reachable target in view!
No reachable target in view!
No reachable target in view!
No reachable target in view!
No reachable target in view!
No reachable target in view!
No reachable target in view!
No reachable target in view!
No reachable target in view!
No reachable target in view!
You open the door.
Crazy Yiuf cries, "Action bush testudinal!"
Crazy Yiuf drinks a potion.
Crazy Yiuf seems to grow stronger.
Crazy Yiuf hits you with a +4 quarterstaff of chaos!
Crazy Yiuf burns you.
There is an open translucent door, spattered with blood here.
You closely miss Crazy Yiuf. Crazy Yiuf barely misses you.
Your shield and scale mail prevent you from hitting Crazy Yiuf.
Crazy Yiuf hits you with a +4 quarterstaff of chaos!
You feel your power leaking away. Crazy Yiuf closely misses you.
Your shield prevents you from hitting Crazy Yiuf.
Crazy Yiuf yells, "Cholesterol unthinkable Orb Guardian!"
Crazy Yiuf barely misses you.
You hit Crazy Yiuf but do no damage. Crazy Yiuf hits you but does no damage.
You slash Crazy Yiuf!
Crazy Yiuf is moderately wounded.
Crazy Yiuf closely misses you.
Crazy Yiuf yells, "Castle!"
You block Crazy Yiuf's attack.
You slash Crazy Yiuf!
Crazy Yiuf is severely wounded.
Crazy Yiuf hits you with a +4 quarterstaff of chaos!
* * * LOW HITPOINT WARNING * * *
Crazy Yiuf burns you!
* * * LOW HITPOINT WARNING * * *
You are too injured to fight recklessly!
You are too injured to fight recklessly!
You are too injured to fight recklessly!
You are too injured to fight recklessly!
You are too injured to fight recklessly!
You fail to use your ability.
Crazy Yiuf hits you with a +4 quarterstaff of chaos!
You die...

....#####.#######.#
#.# ....+.......#
#.# ##.#######
...(#####.### ###
#........# ....#
#..# ##.#####.#
..### #..# #####
#.# #.# #..# ##..#
#..)# #.# #.# #..#
#...# #...# #.# #.#
#..# #..## #.g.#
#(# #.# #..## #...#
#@# ##.# #.# #...#
##..# ♣♣.♣ #..# #.#
#.#.## #..# ♣.♣♣
#### #.# #.#..#
#..# ♣♣.♣
########.# #.##.##
#.<# ♣.♣♣
#........#
#.##..###.## ♣♣.♣♣
###.#.####
#..........# ♣...♣♣
#.......#
.......##.## ♣...P♣
#..######
.....#.##.# #....#
#..#


You could see Crazy Yiuf.

Vanquished Creatures
  Terence (D:2)
  Robin (D:2)
  3 gnolls (D:2)
  An adder (D:2)
  A worm (D:2)
  A dart slug (D:1)
  11 goblins (D:2)
  4 hobgoblins (D:2)
  2 kobolds
  2 bats
  A rat (D:2)
  3 fungi (D:2)
31 creatures vanquished.

Notes
Turn   | Place    | Note
-------+----------+-------------------------------------------
     0 | D:1      | EnegeticOcto the Deep Dwarf Fighter began the quest for the
                  | Orb.
     0 | D:1      | Reached XP level 1. HP: 20/20 MP: 1/1
   157 | D:2      | Noticed Robin
   160 | D:2      | Reached XP level 2. HP: 27/27 MP: 2/2
   168 | D:2      | Killed Robin
   168 | D:2      | Reached XP level 3. HP: 31/34 MP: 3/3
   204 | D:2      | Noticed Terence
   223 | D:2      | Killed Terence
   223 | D:2      | Reached skill level 1 in Dodging
   385 | D:2      | Reached XP level 4. HP: 31/42 MP: 4/4
   495 | D:2      | Found a sparkling altar of Nemelex Xobeh.
   859 | D:2      | Found a glowing silver altar of Zin.
  1187 | D:2      | Found a runed translucent door.
  1188 | D:2      | Noticed Crazy Yiuf
  1201 | D:2      | Slain by Crazy Yiuf

Levels and vault maps discovered:
D:1:      lemuel_arrival_room, layout_basic
D:2:      layout_basic, zin_treasury, nemelex_altar_shiori, uniq_terence,
          uniq_crazy_yiuf_cottage, uniq_robin

Skill      XL: |  1  2  3 |
---------------+----------+-----
Fighting       | 3 |  3.4
Axes           | 3 |  3.3
Dodging        | 1 |  1.4
Armour         | |  3.8
Shields        | |  3.8

Action                   |  1- 3 |  4- 6 || total
-------------------------+-------+-------++-------
Melee: War axe           |    45 |    54 ||    99
 Abil: Heal Wounds       |     1 |     5 ||     6
  Eat: Ration            |       |     1 ||     1
Armor: Scale mail        |    22 |    21 ||    43
Dodge: Dodged            |    16 |    21 ||    37
Block: Kite shield       |    33 |    33 ||    66

Table legend:
 A = Non-vault XP
 B = Vault XP
 C = Vault XP percentage of total XP
 D = Non-vault monster count
 E = Vault monster count
 F = Vault count percentage of total count
                 A         B        C        D         E       F
            +---------+---------+-------+---------+---------+-------
      Total |      79 |      75 |  48.7 |      14 |      14 |  50.0
            +---------+---------+-------+---------+---------+-------
        D:1 |       7 |       0 |   0.0 |       3 |       0 |   0.0
        D:2 |      72 |      75 |  51.0 |      11 |      14 |  56.0
            +---------+---------+-------+---------+---------+-------
